 Dungeon Crawl Stone Soup version 0.22.0-38-g04b72b8 (webtiles) character file.

870 Folque the Magician (level 7, -5/50 HPs)
             Began as a Demonspawn Wizard on Aug 31, 2018.
             Splashed by Ijyb's acid (13 damage)
             ... on level 5 of the Dungeon.
             The game lasted 00:29:42 (4770 turns).

Folque the Magician (Demonspawn Wizard)             Turns: 4770, Time: 00:29:43

Health: -5/50      AC:  3    Str:  7    XL:     7   Next: 73%
Magic:  13/15      EV: 12    Int: 21    God:
Gold:   209        SH:  0    Dex: 14    Spells: 3/16 levels left

rFire    + . .     SeeInvis .   s - +0 spear
rCold    . . .     Gourm    .   (no shield)
rNeg     . . .     Faith    .   a - +1 robe
rPois    .         Spirit   .   b - +0 hat
rElec    .         Reflect  .   e - +0 cloak
rCorr    .         Harm     .   i - +0 pair of gloves
MR       .....                  (no boots)
Stlth    ++........             (no amulet)
HPRegen  0.16/turn              o - ring of protection from fire
MPRegen  0.14/turn              w - +2 ring of dexterity

@: corroded
A: horns 2, molten scales 1
a: no special abilities


You were on level 5 of the Dungeon.
You were not hungry.

You visited 1 branch of the dungeon, and saw 5 of its levels.

You collected 209 gold pieces.

Inventory:

Hand Weapons
 f - a +0 short sword
 s - a +0 spear (weapon)
Armour
 a - a +1 robe (worn)
 b - a +0 hat (worn)
 e - a +0 cloak (worn)
 i - a +0 pair of gloves (worn)
 x - a +0 pair of boots
Jewellery
 n - an uncursed ring of positive energy
 o - a ring of protection from fire (left hand)
 t - an uncursed amulet of harm {unknown}
 v - an uncursed amulet of faith {unknown}
 w - a +2 ring of dexterity (right hand)
Wands
 y - a wand of disintegration (11)
Scrolls
 c - 5 scrolls of teleportation
 h - 4 scrolls of enchant armour
 j - 2 scrolls of blinking {unknown}
 l - a scroll of amnesia {unknown}
 m - 3 scrolls of remove curse
 q - 6 scrolls of identify
Potions
 g - 3 potions of flight
 k - 2 potions of haste {unknown}
 p - a potion of magic {unknown}
 r - 2 potions of ambrosia {unknown}
 u - a potion of berserk rage {unknown}
 z - a potion of heal wounds {unknown}
Comestibles
 d - 9 rations


   Skills:
 - Level 2.2 Fighting
 + Level 1.1 Polearms
 - Level 1.7 Dodging
 - Level 1.7 Stealth
 - Level 5.3 Spellcasting
 * Level 5.3 Conjurations
 * Level 0.4 Hexes
 - Level 1.0 Summonings
 - Level 0.8 Translocations
 - Level 2.0 Fire Magic
 - Level 1.0 Air Magic
 - Level 2.2 Poison Magic


You had 3 spell levels left.
You knew the following spells:

 Your Spells              Type           Power        Failure   Level  Hunger
a - Magic Dart            Conj           ####         1%          1    None
b - Call Imp              Summ           #.......     11%         2    None
c - Blink                 Tloc           N/A          11%         2    None
d - Mephitic Cloud        Conj/Pois/Air  ###.....     10%         3    ##.....
e - Conjure Flame         Conj/Fire      ###.....     7%          3    ##.....
f - Slow                  Hex            #.......     13%         2    None

Your spell library contained the following spells:

 Spells                   Type           Power        Failure   Level  Hunger


Dungeon Overview and Level Annotations

Branches:
Dungeon (5/15)
 Temple: D:4-7

Altars:

Annotations:
D:5 Ijyb


Innate Abilities, Weirdness & Mutations

You have a pair of horns on your head.
You are partially covered in molten scales. (AC +2)


Message History

The orc hits you but does no damage.
You closely miss the orc.
The orc is lightly wounded.
The orc barely misses you.
You closely miss the orc.
The orc is lightly wounded.
The orc hits you but does no damage.
You hit the orc. You headbutt the orc.
You kill the orc!
Ijyb zaps a wand.
The bolt of acid hits the orc.
The orc is splashed with acid.
The acid corrodes the orc!
The orc dies!
The bolt of acid hits you!
You are splashed with acid!
The acid burns!
It is a wand of acid (3).
Casting: Call Imp (safe; 11% risk of failure)
Confirm with . or Enter, or press ? or * to list all spells.
You blink.
The orc misses you.
Ijyb zaps a wand.
The bolt of acid hits you!
* * * LOW HITPOINT WARNING * * *
The acid corrodes you!
You are splashed with acid!
The acid burns!
You die...

######### ### #........
##.## #.....(..
#######...## #........
...........#####........
.###......###.§oog......
.# #..##..###.##@.......
.# #..........##..?.....
<# #.###..######........
.# #.###..# ##........
.# #.##...###.##.###.#.#
## #.........# ... ...#
##......#...#.# ###
#.........#....
+.......#...#.


You could see Ijyb and 2 orcs.

Vanquished Creatures
  Sigmund (D:3)
  An ogre (D:4)
  A howler monkey (D:4)
  A centaur skeleton (D:4)
  A gnoll shaman (D:3)
  A bullfrog skeleton (D:5)
  An iguana (D:4)
  5 orc wizards
  Robin (D:3)
  3 gnolls (D:4)
  6 adders
  An ooze (D:2)
  2 dart slugs (D:2)
  2 leopard geckos
  20 orcs
  A giant cockroach (D:2)
  21 goblins
  12 hobgoblins
  A jackal (D:2)
  9 kobolds
  A quokka (D:2)
  A ball python (D:4)
  7 bats
  5 frilled lizards
  6 rats
111 creatures vanquished.

Vanquished Creatures (collateral kills)
  A hound (D:4)
  An orc wizard (D:4)
  2 orc priests (D:4)
  A worker ant (D:4)
  2 gnolls (D:4)
  An adder (D:2)
  A worm (D:4)
  An orc (D:2)
  A giant cockroach (D:2)
  3 hobgoblins
  2 jackals (D:2)
  A bat (D:2)
  A frilled lizard (D:2)
  5 goblins
  2 kobolds
  2 rats (D:3)
27 creatures vanquished.

Vanquished Creatures (others)
  An orc priest (D:4)
  An orc (D:5)
2 creatures vanquished.

Grand Total: 140 creatures vanquished

Notes
Turn   | Place    | Note
-------+----------+-------------------------------------------
     0 | D:1      | Folque the Demonspawn Wizard began the quest for the Orb.
     0 | D:1      | Reached XP level 1. HP: 13/13 MP: 4/4
   404 | D:1      | Reached skill level 1 in Fighting
   513 | D:1      | Gained mutation: You have a pair of small horns on your head. [demonic ancestry]
   513 | D:1      | Reached XP level 2. HP: 12/21 MP: 3/6
   521 | D:1      | Learned a level 2 spell: Call Imp
   524 | D:1      | Learned a level 2 spell: Blink
  1162 | D:2      | Reached XP level 3. HP: 22/27 MP: 0/7
  1167 | D:2      | Learned a level 3 spell: Mephitic Cloud
  1479 | D:2      | Gained mutation: You have a pair of horns on your head. [demonic ancestry]
  1479 | D:2      | Reached XP level 4. HP: 7/33 MP: 0/9
  2118 | D:3      | Noticed Sigmund
  2725 | D:3      | Killed Sigmund
  2725 | D:3      | Reached XP level 5. HP: 29/38 MP: 0/11
  2725 | D:3      | Gained mutation: You are partially covered in molten scales. (AC +2) [demonic ancestry]
  2725 | D:3      | Reached XP level 6. HP: 34/44 MP: 0/12
  2730 | D:3      | Learned a level 3 spell: Conjure Flame
  2849 | D:3      | Noticed Robin
  2992 | D:3      | Killed Robin
  3170 | D:3      | Reached skill level 1 in Air Magic
  3205 | D:3      | Found a faded altar of an unknown god.
  3472 | D:4      | Reached skill level 1 in Polearms
  3541 | D:4      | Reached skill level 1 in Fire Magic
  3640 | D:4      | Reached XP level 7. HP: 40/50 MP: 13/13
  3923 | D:4      | Reached skill level 5 in Conjurations
  3933 | D:4      | Reached skill level 5 in Spellcasting
  4703 | D:5      | Entered Level 5 of the Dungeon
  4707 | D:5      | Learned a level 2 spell: Slow
  4760 | D:5      | Noticed Ijyb
  4770 | D:5      | Splashed by Ijyb's acid

Skill      XL: |  1  2  3  4  5  6  7 |
---------------+----------------------+-----
Fighting       | 1 2 |  2.2
Conjurations   | 2 3 4 5 |  5.3
Spellcasting   | 4 5 |  5.3
Poison Magic   | 2 |  2.2
Air Magic      | 1 |  1.0
Polearms       | 1 |  1.1
Fire Magic     | 2 |  2.0
Dodging        | |  1.7
Stealth        | |  1.7
Hexes          | |  0.4
Summonings     | |  1.0
Translocations | |  0.8

Action                   |  1- 3 |  4- 6 |  7- 9 || total
-------------------------+-------+-------+-------++-------
Melee: Short sword       |    94 |   118 |       ||   212
       Club              |     9 |       |       ||     9
       Unarmed           |     7 |       |       ||     7
       Headbutt          |    11 |    16 |    12 ||    39
       Spear             |       |    77 |   148 ||   225
 Cast: Magic Dart        |    39 |    26 |    24 ||    89
       Call Imp          |     7 |     3 |     6 ||    16
       Mephitic Cloud    |     2 |    10 |     9 ||    21
       Conjure Flame     |       |     3 |     7 ||    10
       Blink             |       |       |     2 ||     2
  Use: Scroll            |     7 |       |       ||     7
       Potion            |       |     3 |       ||     3
 Stab: Sleeping          |     2 |     6 |       ||     8
       Confused          |       |     5 |     2 ||     7
       Distracted        |       |     1 |       ||     1
  Eat: Chunk             |     2 |     5 |     5 ||    12
       Ration            |       |     1 |       ||     1
Armor: Robe              |    33 |    55 |    24 ||   112
       Skin              |       |    21 |       ||    21
Dodge: Dodged            |    85 |   100 |    53 ||   238
